 Dungeon Crawl Stone Soup version 0.29.0-13-gc9e81de378 (webtiles) character file.

Game seed: 20515712180217698

610 sanka the Spear-Bearer (level 7, -2/52 HPs)
             Began as a Merfolk Berserker on Sept 7, 2022.
             Was a Believer of Trog.
             Slain by an iguana (7 damage)
             ... on level 4 of the Dungeon.
             The game lasted 00:04:18 (3053 turns).

sanka the Spear-Bearer (Merfolk Berserker)          Turns: 3053, Time: 00:04:19

Health: -2/52      AC:  8    Str: 20    XL:     7   Next: 43%
Magic:  7/7        EV:  8    Int:  6    God:    Trog [**....]
Gold:   290        SH:  0    Dex: 13    Spells: 6/6 levels left

rFire   . . .      SeeInvis .   a - +0 halberd
rCold   . . .      Faith    .   (shield currently unavailable)
rNeg    . . .      Spirit   .   o - +0 chain mail
rPois   .          Reflect  .   (no helmet)
rElec   .          Harm     .   (no cloak)
rCorr   .          Rampage  .   (no gloves)
Will    .....                   (no boots)
Stlth   ..........              (no amulet)
HPRegen 0.17/turn               (no ring)
MPRegen 0.10/turn               (no ring)

@: no status effects
A: (nimble swimmer 2), mertail
a: Renounce Religion, Berserk, Trog's Hand


You were on level 4 of the Dungeon.
You worshipped Trog.
Trog was pleased with you.
You visited 1 branch of the dungeon, and saw 6 of its levels.

You collected 290 gold pieces.


Innate Abilities, Weirdness & Mutations

((You are very nimble when in or above water. (Stealth+, EV+, Speed+++)))
Your lower body shifts to a powerful aquatic tail in water.


   Skills:
 - Level 3.2 Fighting
 + Level 10.9 Polearms
 - Level 1.3 Armour
 - Level 2.6 Dodging


You had 6 spell levels left.
You didn't know any spells.
Your spell library was empty.

Inventory:

Hand Weapons
 a - a +0 halberd (weapon)
 q - a +0 spear
Armour
 b - a +0 animal skin
 h - a +0 ring mail
 j - a +0 scale mail
 o - a +0 chain mail (worn)
 r - a +0 pair of boots
Wands
 k - a wand of roots (17)
 w - a wand of mindburst (19)
Scrolls
 c - 5 scrolls of fear {unknown}
 f - a scroll of fog {unknown}
 g - 3 scrolls of magic mapping {unknown}
 i - 2 scrolls of identify {unknown}
 p - a scroll of amnesia {unknown}
 s - a scroll of enchant armour {unknown}
 t - 2 scrolls of enchant weapon {unknown}
 v - a scroll of summoning {unknown}
 x - a scroll of noise {unknown}
 y - 3 scrolls of teleportation {unknown}
Potions
 d - a potion of curing {unknown}
 e - a potion of ambrosia {unknown}
 l - a potion of resistance {unknown}
 m - a potion of berserk rage {unknown}
 n - a potion of cancellation {unknown}
 u - a potion of lignification {unknown}
 z - a potion of degeneration {unknown}
 A - a potion of attraction {unknown}

Dungeon Overview and Level Annotations

Branches:
Dungeon (6/15)
 Temple: D:4-7

Altars:

.[......▒ .......▒ .
......▒ .. .....▒.....
▒▒ ....▒....... .. ▒
...▒......▒▒▒.. .
▒▒l....▒▒▒.....▒▒▒.
▒▒▒.m▒▒▒..▒.......▒..
▒)...†▒..............
▒▒.........▒.....▒..£
▒......)..▒▒...▒▒...
▒.........▒.....▒.).
........▒.))...........
.£..▒..▒▒▒†.▒.......▒..
...▒▒▒....)▒▒▒..^..▒▒▒.
▒▒..▒.......▒..▒▒▒..▒..


You could see an iguana.


Message History

You closely miss the iguana. The iguana bites you!
You barely miss the iguana. The iguana bites you.
* * * LOW HITPOINT WARNING * * *
You barely miss the iguana. The iguana bites you!
* * * LOW HITPOINT WARNING * * *
You slash the iguana!
The iguana is severely wounded.
The iguana bites you.
* * * LOW HITPOINT WARNING * * *
You hit the iguana.
The iguana is almost dead.
The iguana bites you!
* * * LOW HITPOINT WARNING * * *
You hit the iguana but do no damage.
The iguana is almost dead.
The iguana closely misses you.
You barely miss the iguana.
The iguana is almost dead.
The iguana bites you but does no damage.
You closely miss the iguana.
The iguana is almost dead.
The iguana bites you.
* * * LOW HITPOINT WARNING * * *
You barely miss the iguana.
The iguana is almost dead.
The iguana bites you!
You die...

Action                   |  1- 3 |  4- 6 |  7- 9 || total
-------------------------+-------+-------+-------++-------
Melee: Spear             |    80 |    65 |       ||   145
       Punch             |     1 |     1 |       ||     2
       Halberd           |       |   102 |    40 ||   142
Invok: Berserk           |       |     6 |     1 ||     7
Evoke: Wand              |       |     2 |       ||     2
 Stab: Sleeping          |     3 |       |       ||     3
Armor: Scale mail        |    10 |     4 |       ||    14
       Ring mail         |     2 |       |       ||     2
       Chain mail        |       |    47 |    13 ||    60
Dodge: Dodged            |    28 |    49 |     8 ||    85

Levels and vault maps discovered:
D:1:      dpeg_arrival_boxes_within_box, layout_basic, eino_curves_02,
          amethyst_killhole, nicolae_titane
D:2:      minmay_chambers_of_ones, layout_basic, uniq_jessica
D:3:      layout_basic, ebering_ecumenical_altar_webs
D:4:      nicolae_cairo_tiling_large_dashed, layout_basic,
          nicolae_ossuary_entry_monument
D:5:      minmay_chambers_of_fours, layout_basic, doesnt_xom_only_xom,
          minmay_temple_entry_waves, minmay_door_square
D:6:      layout_loops_corners, kennysheep_orc_sif_temple, old_standard_altar,
          mainiacjoe_overflow_alcove_1, mainiacjoe_overflow_24_doors,
          mainiacjoe_overflow_boulevard

Notes
Turn   | Place    | Note
-------+----------+-------------------------------------------
     0 | D:1      | sanka the Merfolk Berserker began the quest for the Orb.
     0 | D:1      | Reached XP level 1. HP: 18/18 MP: 1/1
   341 | D:1      | Reached XP level 2. HP: 24/24 MP: 2/2
   470 | D:1      | Reached skill level 5 in Polearms
   998 | D:2      | Reached XP level 3. HP: 24/29 MP: 3/3
  1150 | D:2      | Noticed Jessica
  1154 | D:2      | Killed Jessica
  1155 | D:2      | Reached skill level 6 in Polearms
  1155 | D:2      | Reached XP level 4. HP: 35/35 MP: 4/4
  1453 | D:2      | Reached ** piety under Trog
  1646 | D:2      | Reached skill level 7 in Polearms
  1729 | D:3      | Reached XP level 5. HP: 41/41 MP: 5/5
  2003 | D:3      | Reached skill level 8 in Polearms
  2202 | D:3      | Reached XP level 6. HP: 17/47 MP: 6/6
  2453 | D:3      | Found a faded altar of an unknown god.
  2506 | D:6      | Noticed an orc warrior
  2526 | D:6      | Killed an orc warrior
  2527 | D:6      | Reached skill level 9 in Polearms
  2813 | D:5      | Entered Level 5 of the Dungeon
  2813 | D:5      | Noticed a black bear
  2822 | D:5      | Killed a black bear
  2823 | D:5      | Reached skill level 10 in Polearms
  2823 | D:5      | Reached XP level 7. HP: 52/52 MP: 7/7
  3052 | D:4      | HP: 5/52 [iguana (3)]
  3053 | D:4      | Slain by an iguana

Vanquished Creatures
  A black bear (D:5)
  An orc warrior (D:6)
  2 scorpions
  A hound (D:4)
  An orc priest (D:3)
  Jessica (D:2)
  10 gnolls
  4 adders
  An ufetubus (D:4)
  A worm (D:4)
  5 dart slugs
  7 orcs
  6 bats
  2 endoplasms (D:4)
  A giant cockroach (D:2)
  4 goblins
  4 hobgoblins
  2 jackals (D:2)
  3 quokkas
  3 ball pythons
  4 frilled lizards
  6 kobolds
  3 rats
73 creatures vanquished.
